PUB
LOUISVILLE REDBIRDS @ HOLLYWOOD STARS
04/18/1972
 
TOP OF THE 1ST
Louisville Redbirds batting - Pitching for Hollywood Stars : RHP David López
Pitching: RHP David López
Batting: RHB Richard Fields 0-0: Ball
1-0: SOLO HOME RUN (Flyball, 78XD, EV 110.0 MPH), Distance : 446 ft
Batting: LHB Lou Jensen 0-0: Ball
1-0: Swinging Strike
1-1: Foul Ball, location: 2F
1-2: Foul Ball, location: 9LSF
1-2: Ball
2-2: Ball
3-2: Foul Ball, location: 7LSF
3-2: Strikes out swinging
Batting: LHB Reggie Jackson 0-0: Called Strike
0-1: Swinging Strike
0-2: Ball
1-2: Foul Ball, location: 7LDF
1-2: Ball
2-2: SINGLE (Line Drive, 78S, EV 96.3 MPH)
Batting: RHB Chet Small 0-0: Called Strike
Reggie Jackson is caught stealing 2nd base 2-4
0-1: Ball
1-1: Ball
2-1: Called Strike
2-2: Fly out, F4 (Line Drive, 4, EV 68.8 MPH)
Top of the 1st over - 1 run, 2 hits, 0 errors, 0 left on base; Louisville 1 - Hollywood 0
BOTTOM OF THE 1ST
Hollywood Stars batting - Pitching for Louisville Redbirds : RHP Henry Chase
Pitching: RHP Henry Chase
Batting: SHB Tetsuhiko Harada 0-0: Ball
1-0: Foul Ball, location: 2F
1-1: Ground out 4-3 (Groundball, 4M, EV 78.1 MPH)
Batting: LHB Jimmie Hall 0-0: Ball
1-0: Foul Ball, location: 2F
1-1: Foul Ball, location: 7LDF
1-2: Ball
2-2: Strikes out swinging
Batting: LHB Bob James 0-0: Called Strike
0-1: SINGLE (Groundball, 15, EV 71.3 MPH) (infield hit)
Batting: RHB Brian Fowler 0-0: Called Strike
0-1: Ball
1-1: Swinging Strike
1-2: Ball
2-2: Ball
3-2: Base on Balls
Bob James to second
Batting: RHB Anthony Townsend 0-0: Called Strike
0-1: Ball
1-1: Ball
2-1: Ball
3-1: Called Strike
3-2: Base on Balls
Bob James to third
Brian Fowler to second
Batting: LHB Eric Davis 0-0: Foul Ball, location: 2F
0-1: Called Strike
0-2: Strikes out looking
Bottom of the 1st over - 0 runs, 1 hit, 0 errors, 3 left on base; Louisville 1 - Hollywood 0
TOP OF THE 2ND
Louisville Redbirds batting - Pitching for Hollywood Stars : RHP David López
Batting: RHB Alan Sims 0-0: Called Strike
0-1: Ground out 5-3 (Groundball, 5, EV 91.9 MPH)
Batting: LHB Richie Hebner 0-0: Ball
1-0: Called Strike
1-1: Ball
2-1: Foul Ball, location: 2F
2-2: Ball
3-2: Base on Balls
Batting: RHB Carlton Fisk 0-0: Fly out, F8 (Flyball, 8RD, EV 98.8 MPH)
Batting: RHB Patrick Bailey 0-0: Ball
1-0: Ball
2-0: Ball
3-0: Base on Balls
Richie Hebner to second
Batting: RHB Henry Chase 0-0: Ball
1-0: Swinging Strike
1-1: Foul Ball, location: 25FF
1-2: Ball
2-2: Ball
3-2: Ground out 4-3 (Groundball, 34, EV 89.4 MPH)
Top of the 2nd over - 0 runs, 0 hits, 0 errors, 2 left on base; Louisville 1 - Hollywood 0
BOTTOM OF THE 2ND
Hollywood Stars batting - Pitching for Louisville Redbirds : RHP Henry Chase
Batting: LHB Tim McCarver 0-0: Ground out 5-3 (Groundball, 56, EV 84.4 MPH)
Batting: LHB Eugene Williams 0-0: Ball
1-0: Fly out, F8 (Flyball, 8RD, EV 81.9 MPH)
Batting: SHB David López 0-0: Called Strike
0-1: Ball
1-1: Ground out 4-3 (Groundball, 13, EV 83.8 MPH)
Bottom of the 2nd over - 0 runs, 0 hits, 0 errors, 0 left on base; Louisville 1 - Hollywood 0
TOP OF THE 3RD
Louisville Redbirds batting - Pitching for Hollywood Stars : RHP David López
Batting: RHB Richard Fields 0-0: Foul Ball, location: 5FF
0-1: Foul Ball, location: 3F
0-2: Foul Ball, location: 2LF
0-2: Ball
1-2: Strikes out swinging
Batting: LHB Lou Jensen 0-0: Called Strike
0-1: Called Strike
0-2: Foul Ball, location: 2F
0-2: Strikes out looking
Batting: LHB Reggie Jackson 0-0: Called Strike
0-1: Foul Ball, location: 2F
0-2: Strikes out swinging
Top of the 3rd over - 0 runs, 0 hits, 0 errors, 0 left on base; Louisville 1 - Hollywood 0
BOTTOM OF THE 3RD
Hollywood Stars batting - Pitching for Louisville Redbirds : RHP Henry Chase
Batting: SHB Tetsuhiko Harada 0-0: Ball
1-0: Ball
2-0: Ground out 4-3 (Groundball, 4MD, EV 102.5 MPH)
Batting: LHB Jimmie Hall 0-0: Ball
1-0: Ball
2-0: Ball
3-0: Base on Balls
Batting: LHB Bob James 0-0: Called Strike
0-1: Called Strike
0-2: Strikes out swinging
Batting: RHB Brian Fowler 0-0: Foul Ball, location: 7LMFF
0-1: Ball
1-1: Called Strike
1-2: Ball
2-2: Strikes out swinging
Bottom of the 3rd over - 0 runs, 0 hits, 0 errors, 1 left on base; Louisville 1 - Hollywood 0
TOP OF THE 4TH
Louisville Redbirds batting - Pitching for Hollywood Stars : RHP David López
Batting: RHB Chet Small 0-0: Called Strike
0-1: Ball
1-1: Ball
2-1: Foul Ball, location: 7LDF
2-2: SINGLE (Groundball, 4MD, EV 95.0 MPH)
Batting: RHB Alan Sims 0-0: Ball
1-0: Ball
2-0: Foul Ball, location: 5FF
2-1: Called Strike
2-2: SINGLE (Groundball, 4MD, EV 95.6 MPH)
Chet Small to second
Batting: LHB Richie Hebner 0-0: Ball
1-0: Ball
2-0: DOUBLE (Line Drive, 89D, EV 98.1 MPH)
Chet Small scores
Alan Sims to third
Batting: RHB Carlton Fisk 0-0: Called Strike
0-1: Ball
1-1: Ball
2-1: Swinging Strike
2-2: Ball
3-2: Foul Ball, location: 5F
3-2: Strikes out swinging
Batting: RHB Patrick Bailey 0-0: Intentional Walk
Batting: RHB Henry Chase 0-0: Swinging Strike
0-1: Ball
1-1: Ball
2-1: Ball
3-1: Grounds into double play, 5-2-3 (Groundball, 56, EV 89.4 MPH)
Top of the 4th over - 1 run, 3 hits, 0 errors, 2 left on base; Louisville 2 - Hollywood 0
BOTTOM OF THE 4TH
Hollywood Stars batting - Pitching for Louisville Redbirds : RHP Henry Chase
Batting: RHB Anthony Townsend 0-0: Ball
1-0: Swinging Strike
1-1: Called Strike
1-2: Ball
2-2: Ball
3-2: Foul Ball, location: 2F
3-2: Base on Balls
Batting: LHB Eric Davis 0-0: Sac Bunt to 15S - play at first, batter OUT! 1-3
Anthony Townsend to second
Batting: LHB Tim McCarver 0-0: Ground out 4-3 (Groundball, 4, EV 77.5 MPH)
Anthony Townsend to third
Batting: LHB Eugene Williams 0-0: Ball
1-0: Ball
2-0: Called Strike
2-1: Foul Ball, location: 3SF
2-2: Ball
3-2: Foul Ball, location: 7LMF
3-2: Strikes out swinging
Bottom of the 4th over - 0 runs, 0 hits, 0 errors, 1 left on base; Louisville 2 - Hollywood 0
TOP OF THE 5TH
Louisville Redbirds batting - Pitching for Hollywood Stars : RHP David López
Batting: RHB Richard Fields 0-0: SINGLE (Groundball, 25, EV 72.5 MPH) (infield hit)
Batting: LHB Lou Jensen 0-0: Ball
1-0: Called Strike
1-1: Foul Ball, location: 5F
1-2: Strikes out swinging
Batting: LHB Reggie Jackson 0-0: Called Strike
0-1: Fly out, F8 (Flyball, 78M, EV 93.8 MPH)
Batting: RHB Chet Small 0-0: Swinging Strike
0-1: Swinging Strike
0-2: Ball
1-2: Ball
2-2: Strikes out swinging
Top of the 5th over - 0 runs, 1 hit, 0 errors, 1 left on base; Louisville 2 - Hollywood 0
BOTTOM OF THE 5TH
Hollywood Stars batting - Pitching for Louisville Redbirds : RHP Henry Chase
Batting: SHB David López 0-0: Ball
1-0: Called Strike
1-1: Ground out 4-3 (Groundball, 4, EV 82.5 MPH)
Batting: SHB Tetsuhiko Harada 0-0: Ball
1-0: Called Strike
1-1: Foul Ball, location: 2RF
1-2: Strikes out swinging
Batting: LHB Jimmie Hall 0-0: Ball
1-0: Ball
2-0: Called Strike
2-1: Foul Ball, location: 5F
2-2: Foul Ball, location: 9LSF
2-2: Ball
3-2: Strikes out swinging
Bottom of the 5th over - 0 runs, 0 hits, 0 errors, 0 left on base; Louisville 2 - Hollywood 0
TOP OF THE 6TH
Louisville Redbirds batting - Pitching for Hollywood Stars : RHP David López
Batting: RHB Alan Sims 0-0: Ball
1-0: Ball
2-0: Ball
3-0: Called Strike
3-1: Foul Ball, location: 2RF
3-2: Foul Ball, location: 2F
3-2: Base on Balls
Batting: LHB Richie Hebner 0-0: Ball
1-0: Ball
2-0: Called Strike
2-1: Swinging Strike
2-2: Strikes out swinging
Batting: RHB Carlton Fisk 0-0: Fly out, F6 (Line Drive, 6, EV 70.6 MPH)
Batting: RHB Patrick Bailey 0-0: Swinging Strike
0-1: Ball
1-1: Ground out 6-3 (Groundball, 6S, EV 68.1 MPH)
Top of the 6th over - 0 runs, 0 hits, 0 errors, 1 left on base; Louisville 2 - Hollywood 0
BOTTOM OF THE 6TH
Hollywood Stars batting - Pitching for Louisville Redbirds : RHP Henry Chase
Batting: LHB Bob James 0-0: Foul Ball, location: 7LSF
0-1: Ball
1-1: Swinging Strike
1-2: Strikes out swinging
Batting: RHB Brian Fowler 0-0: Called Strike
0-1: Swinging Strike
0-2: Ball
1-2: Ball
2-2: Foul Ball, location: 2F
2-2: Strikes out swinging
Batting: RHB Anthony Townsend 0-0: Swinging Strike
0-1: SOLO HOME RUN (Flyball, 9D, EV 96.9 MPH), Distance : 366 ft
Batting: LHB Eric Davis 0-0: Ball
1-0: Ball
2-0: Swinging Strike
2-1: Swinging Strike
2-2: Strikes out swinging
Bottom of the 6th over - 1 run, 1 hit, 0 errors, 0 left on base; Louisville 2 - Hollywood 1
TOP OF THE 7TH
Louisville Redbirds batting - Pitching for Hollywood Stars : RHP David López
Batting: RHB Henry Chase 0-0: Swinging Strike
0-1: Swinging Strike
0-2: Strikes out swinging
Batting: RHB Richard Fields 0-0: Swinging Strike
0-1: Called Strike
0-2: Fly out, F6 (Line Drive, 6M, EV 65.0 MPH)
Batting: LHB Lou Jensen 0-0: Ball
1-0: Foul Ball, location: 3F
1-1: Called Strike
1-2: Ground out 3-1 (Groundball, 34, EV 78.1 MPH)
Top of the 7th over - 0 runs, 0 hits, 0 errors, 0 left on base; Louisville 2 - Hollywood 1
BOTTOM OF THE 7TH
Hollywood Stars batting - Pitching for Louisville Redbirds : RHP Henry Chase
Batting: LHB Tim McCarver 0-0: Fly out, F5 (Popup, 5SF, EV 84.4 MPH)
Pinch Hitting: LHB Ken Steele 0-0: Foul Ball, location: 2F
0-1: Foul Ball, location: 2F
0-2: Ball
1-2: Foul Ball, location: 7LSF
1-2: Ball
2-2: Strikes out swinging
Pinch Hitting: LHB John O'Rourke 0-0: Ball
1-0: Swinging Strike
1-1: Ball
2-1: Foul Ball, location: 2F
2-2: Ground out U3 (Groundball, 34S, EV 88.8 MPH)
Bottom of the 7th over - 0 runs, 0 hits, 0 errors, 0 left on base; Louisville 2 - Hollywood 1
TOP OF THE 8TH
Louisville Redbirds batting - Pitching for Hollywood Stars : RHP David López
Pitching: RHP Joël Garcia
Now at SS: Arturo Gonzáles
Batting: LHB Reggie Jackson 0-0: Fly out, F7 (Flyball, 7LS, EV 80.6 MPH)
Batting: RHB Chet Small 0-0: Ball
1-0: Called Strike
1-1: Foul Ball, location: 2F
1-2: Foul Ball, location: 7LSF
1-2: Strikes out swinging
Batting: RHB Alan Sims 0-0: Called Strike
0-1: Ball
1-1: Ball
2-1: Fly out, F4 (Popup, 3S, EV 81.3 MPH)
Top of the 8th over - 0 runs, 0 hits, 0 errors, 0 left on base; Louisville 2 - Hollywood 1
BOTTOM OF THE 8TH
Hollywood Stars batting - Pitching for Louisville Redbirds : RHP Henry Chase
Batting: SHB Tetsuhiko Harada 0-0: Ball
1-0: Foul Ball, location: 5SF
1-1: Ball
2-1: Ball
3-1: Fly out, F9 (Flyball, 9D, EV 105.6 MPH)
Batting: LHB Jimmie Hall 0-0: Called Strike
0-1: Swinging Strike
0-2: Ball
1-2: Fly out, F9 (Flyball, 9LS, EV 93.1 MPH)
Batting: LHB Bob James 0-0: Ball
1-0: Ground out 4-3 (Groundball, 34, EV 97.5 MPH)
Bottom of the 8th over - 0 runs, 0 hits, 0 errors, 0 left on base; Louisville 2 - Hollywood 1
TOP OF THE 9TH
Louisville Redbirds batting - Pitching for Hollywood Stars : RHP Joël Garcia
Batting: LHB Richie Hebner 0-0: Foul Ball, location: 9LSF
0-1: Fly out, F6 (Line Drive, 6, EV 70.6 MPH)
Batting: RHB Carlton Fisk 0-0: Ball
1-0: Ball
2-0: Ground out 1-3 (Groundball, 15S, EV 71.9 MPH)
Batting: RHB Patrick Bailey 0-0: Foul Ball, location: 2F
0-1: Ball
1-1: Ball
2-1: Foul Ball, location: 9LDF
2-2: Foul Ball, location: 2F
2-2: Ground out 4-3 (Groundball, 4, EV 88.8 MPH)
Top of the 9th over - 0 runs, 0 hits, 0 errors, 0 left on base; Louisville 2 - Hollywood 1
BOTTOM OF THE 9TH
Hollywood Stars batting - Pitching for Louisville Redbirds : RHP Henry Chase
Now at 1B: Daniel Ruíz
Batting: RHB Brian Fowler 0-0: Called Strike
0-1: SINGLE (Groundball, 6MD, EV 108.8 MPH)
Pitching: RHP Melvin Hudson
Now at C: Pat Coleman
Pinch Hitting: SHB Bob Hicks 0-0: Ball
1-0: Fielders Choice at 2nd, 1-6 (Groundball, 34S, EV 65.0 MPH)
Batting: LHB Eric Davis 0-0: SINGLE (Groundball, 6MD, EV 103.1 MPH)
Bob Hicks to second
Batting: LHB Tim McCarver 0-0: Ball
1-0: Called Strike
1-1: Grounds into double play, 3-6-1 (Groundball, 34, EV 110.0 MPH)
Bottom of the 9th over - 0 runs, 2 hits, 0 errors, 1 left on base; Louisville 2 - Hollywood 1
Wednesday, February 28th , 2024 - OOTP Baseball 24.8 Build 75